 Dungeon Crawl Stone Soup version 0.30-a0-415-g685d318daa (webtiles) character file.

Game seed: 17666125292718788820

50 Gennas the Vexing (level 3, -6/16 HPs)
             Began as a Spriggan Enchanter on Dec 8, 2022.
             Mangled by a gnoll
             ... wielding a +0 flail
              (13 damage)
             ... on level 2 of the Dungeon.
             The game lasted 00:02:14 (902 turns).

Gennas the Vexing (Spriggan Enchanter)               Turns: 902, Time: 00:02:15

Health: -6/16      AC:  2    Str:  4    XL:     3   Next: 55%
Magic:  3/9        EV: 17    Int: 16    God:
Gold:   62         SH:  0    Dex: 17    Spells: 2/10 levels left

rFire   . . .      SeeInvis +    a - +1 dagger
rCold   . . .      Faith    .    (no shield)
rNeg    . . .      Spirit   .    b - +0 robe
rPois   .          Reflect  .    (helmet restricted)
rElec   .          Harm     .    (no cloak)
rCorr   .          Rampage  .    (gloves unavailable)
Will    .....                    (boots unavailable)
Stlth   +++.......               (no amulet)
HPRegen 0.22/turn                e - ring of flight
MPRegen 0.11/turn                (no ring)

@: flying, very quick
A: very small, no large weapons, unfitting armour, see invisible, speed 3
a: no special abilities


You were on level 2 of the Dungeon.
You visited 1 branch of the dungeon, and saw 2 of its levels.

You collected 62 gold pieces.

Inventory:

Hand Weapons
 a - a +1 dagger (weapon)
Armour
 b - a +0 robe (worn)
Jewellery
 e - a ring of flight (left hand)
Scrolls
 d - a scroll of blinking
Potions
 c - 2 potions of invisibility
 f - a potion of mutation {unknown}
 g - a potion of curing {unknown}
 h - a potion of lignification {unknown}


   Skills:
 - Level 1.1 Short Blades
 - Level 2.6 Dodging
 - Level 4.4 Stealth
 + Level 4.0 Spellcasting
 + Level 4.7 Hexes


You had 2 spell levels left.
You knew the following spells:

 Your Spells              Type           Power      Damage    Failure   Level
a - Ensorcelled Hibernat  Hex/Ice        20%        N/A       10%         2
b - Tukima's Dance        Hex            18%        N/A       8%          3
d - Confusing Touch       Hex            18%        N/A       8%          3

Your spell library contained the following spells:

 Spells                   Type           Power      Damage    Failure   Level
 Dazzling Flash           Conj/Hex       20%        N/A       19%         3


Dungeon Overview and Level Annotations

Branches:
Dungeon (2/15)

Altars:
Kikubaaqudgha

Shops:
D:1 =


Innate Abilities, Weirdness & Mutations

You are very small and have problems with some larger weapons.
You are too small for most types of armour.
You have supernaturally acute eyesight. (SInv)
You cover ground extremely quickly. (Speed+++)


Message History

h - a fizzy ruby potion Unknown command.
Unknown command.
Unknown command.
Okay, then.
Unknown command.
Found a stone staircase leading down.
There is a stone staircase leading down here.
A gnoll comes into view. It is wielding a +0 flail.
You see here 3 gold pieces. 2 gnolls come into view.
Found 6 stones.
The gnoll shouts!
You start waiting.
A gnoll is nearby!
Casting: Ensorcelled Hibernation (safe; 10% risk of failure)
Confirm with . or Enter, or press ? or * to list all spells.
Aiming: Ensorcelled Hibernation (safe; 10% risk of failure)
Press: ? - help, Shift-Dir - straight line, f - gnoll
Aim: a gnoll, wielding a +0 flail (wandering, hasn't noticed you, chance to affect: 52%)
The gnoll resists with significant effort.
Unknown command.
Casting: Ensorcelled Hibernation (safe; 10% risk of failure)
Confirm with . or Enter, or press ? or * to list all spells.
Aiming: Ensorcelled Hibernation (safe; 10% risk of failure)
Press: ? - help, Shift-Dir - straight line, f/p - gnoll
Aim: a gnoll, wielding a +0 flail (chance to affect: 52%)
The gnoll resists with significant effort.
The gnoll hits you with a +0 flail!
Ouch! That really hurt!
Unknown command.
Casting: Ensorcelled Hibernation (safe; 10% risk of failure)
Confirm with . or Enter, or press ? or * to list all spells.
Aiming: Ensorcelled Hibernation (safe; 10% risk of failure)
Press: ? - help, Shift-Dir - straight line, f/p - gnoll
Aim: a gnoll, wielding a +0 flail (chance to affect: 52%)
The gnoll resists with significant effort.
The gnoll hits you with a +0 flail!
Ouch! That really hurt!
You die...

#.. #.............#..
#.. #..####..........
#..### #..# #.#.###.#..
#....####..# #...# #....
#..........# ###.###.#.#
#...#####.# ##.(.##.#
#.........########.###.#
#..>###g...............#
##..# #@##########†#####
#$.# #.# #.# #..# #.#
#.# #.#####..###.# #.#
.............# ..#
#(#####..##### ### #..#
#..# #g..


You could see a gnoll.

Vanquished Creatures
  An adder (D:2)
  A gnoll (D:1)
  2 dart slugs (D:1)
  3 ball pythons
  2 bats
  2 endoplasms
  A giant cockroach (D:1)
  4 goblins (D:2)
  2 hobgoblins (D:2)
  3 jackals (D:2)
  2 kobolds (D:1)
  2 rats (D:2)
25 creatures vanquished.

Notes
Turn   | Place    | Note
-------+----------+-------------------------------------------
     0 | D:1      | Gennas the Spriggan Enchanter began the quest for the Orb.
     0 | D:1      | Reached XP level 1. HP: 9/9 MP: 5/5
   129 | D:1      | Found Tuatinn's Jewellery Boutique.
   234 | D:1      | Reached XP level 2. HP: 13/13 MP: 7/7
   382 | D:1      | Learned a level 2 spell: Ensorcelled Hibernation
   624 | D:2      | Reached XP level 3. HP: 16/16 MP: 9/9
   644 | D:2      | Learned a level 3 spell: Tukima's Dance
   648 | D:2      | Learned a level 3 spell: Confusing Touch
   658 | D:2      | Found an ancient bone altar of Kikubaaqudgha.
   902 | D:2      | Mangled by a gnoll

Illustrated notes

Levels and vault maps discovered:
D:1:      zelgadis_glass_arrival_small, layout_basic, serial_shops, shop_statue,
          chequers_serial_rivers_micro_d
D:2:      layout_loops_ring, basic_altar

Skill      XL: |  1  2  3 |
---------------+----------+-----
Spellcasting   | 3 4 |  4.0
Hexes          | 4 |  4.7
Short Blades   | |  1.1
Dodging        | |  2.6
Stealth        | |  4.4

Action                   || total
-------------------------++-------
Melee: Dagger            ||    60
 Cast: Ensorcelled Hiber ||     5
  Use: Scroll            ||     1
 Stab: Sleeping          ||    11
Armor: Robe              ||     4
Dodge: Dodged            ||    33

Table legend: (Time is in decaauts)
 A = Elapsed time spent in this place.
 B = Non-inter-level travel time spent in this place.
 C = Inter-level travel time spent in this place.
 D = Time resting spent in this place.
 E = Time spent auto-exploring this place.
 F = Levels seen in this place.
 G = Mean time per level.
                   A        B        C        D        E       F      G
               +--------+--------+--------+--------+--------+-----+--------+
         Total |    616 |    614 |      2 |     26 |    407 |   2 |  308.0 |
       Dungeon |    616 |    614 |      2 |     26 |    407 |   2 |  308.0 |
               +--------+--------+--------+--------+--------+-----+--------+

Top non-repeatable levels by time:
     D:1: 376 daAuts
     D:2: 240 daAuts
